 Dungeon Crawl Stone Soup version 0.31.0-11-ge490571c62 (webtiles) character file.

Game seed: 13536994501908224151

38 qw the Shooter (level 3, -5/18 HPs)
             Began as a Spriggan Hunter on Feb 5, 2024.
             Slain by Jessica
             ... wielding a +0 club
              (7 damage)
             ... on level 2 of the Dungeon.
             The game lasted 00:00:29 (652 turns).

qw the Shooter (Spriggan Hunter)                     Turns: 652, Time: 00:00:30

Health: -5/18      AC:  2    Str:  7    XL:     3   Next: 25%
Magic:  4/4        EV: 19    Int: 10    God:
Gold:   91         SH:  0    Dex: 20    Spells: 2/2 levels left

rFire   . . .        a - +0 shortbow
rCold   . . .        (shield currently unavailable)
rNeg    . . .        c - +0 robe
rPois   .            (helmet restricted)
rElec   .            (no cloak)
rCorr   .            (gloves unavailable)
SInv    +            (boots unavailable)
Will    .....        (no amulet)
Stlth   ++           (no ring)
HPRegen 0.23/turn    (no ring)
MPRegen 0.09/turn

%: no passive effects
@: very quick
A: very small, no large weapons, unfitting armour, see invisible, speed 3
a: no special abilities


You were on level 2 of the Dungeon.
You visited 1 branch of the dungeon, and saw 2 of its levels.

You collected 91 gold pieces.


Innate Abilities, Weirdness & Mutations

You are very small and have problems with some larger weapons.
You are too small for most types of armour.
You have supernaturally acute eyesight. (SInv)
You cover ground extremely quickly. (Speed+++)


   Skills:
 - Level 1.5 Fighting
 + Level 4.6 Ranged Weapons
 - Level 4.0 Dodging
 - Level 1.5 Stealth


You had 2 spell levels left.
You didn't know any spells.
Your spell library was empty.

Inventory:

Hand Weapons
 a - a +0 shortbow (weapon)
Armour
 c - a +0 robe (worn)

Dungeon Overview and Level Annotations

Branches:
Dungeon (2/15)

Altars:

Shops:
D:1 ?

Annotations:
D:2 Jessica


Message History

You shoot an arrow. The arrow barely misses the goblin.
The goblin misses you.
You shoot an arrow. The arrow completely misses the goblin.
The goblin closely misses you.
You shoot an arrow. The arrow hits the goblin.
The goblin is severely wounded.
The goblin misses you.
You shoot an arrow. The arrow hits the goblin.
You kill the goblin!
Jessica looks very angry.
Jessica casts a spell at you. Pain shoots through your body!
You shoot an arrow.
The arrow hits Jessica but does no damage.
You shoot an arrow. The arrow barely misses Jessica.
Jessica points at you and mumbles some strange words.
Pain shoots through your body!
You shoot an arrow. The arrow hits Jessica!
Jessica is severely wounded.
Jessica casts a spell at you. Pain shoots through your body!
You shoot an arrow. The arrow barely misses Jessica.
Jessica casts a spell at you. Pain shoots through your body!
You shoot an arrow. The arrow closely misses Jessica.
Jessica barely misses you.
You shoot an arrow. The arrow closely misses Jessica.
Jessica hits you but does no damage. Jessica completely misses you.
You shoot an arrow. The arrow hits Jessica.
Jessica is almost dead.
Jessica hits you with a +0 club.
You shoot an arrow. The arrow closely misses Jessica.
Jessica misses you.
You shoot an arrow. The arrow hits Jessica.
Jessica is almost dead.
Jessica gestures wildly while chanting.
Jessica seems to speed up.
You shoot an arrow. The arrow closely misses Jessica.
Jessica barely misses you. Jessica hits you with a +0 club!
You die...

#.....#..... .#
#.....+..... .#
#.....#..... .#
#.....#..... #.#
#.....#.....
..#.+.....#.....
##...##.....###...
.######.%...............
......@@## #...#####.#.
......)#.###.#[.# ##.#.
.......##.[.##..# #..#.
....... #...#%..# ##.##.
....... #.[.##..###..##.
.......#.###.#.>........
........# ##..#####....
...%...........# #....
......#.....# #....


You could see Jessica (fast).

Vanquished Creatures
  6 ball pythons
  2 endoplasms (D:1)
  3 giant cockroaches
  2 hobgoblins (D:2)
  6 jackals (D:1)
  2 kobolds (D:1)
  2 quokkas (D:1)
  2 bats (D:1)
  2 frilled lizards
  5 goblins
32 creatures vanquished.

Notes
Turn   | Place    | Note
-------+----------+-------------------------------------------
     0 | D:1      | qw the Spriggan Hunter began the quest for the Orb.
     0 | D:1      | Reached XP level 1. HP: 10/10 MP: 2/2
     0 | D:1      | 0 ||| qw: Version: 0.3-a-160-g6735b56
     0 | D:1      | 0 ||| qw: Game counter: 6254
     0 | D:1      | 0 ||| qw: Melee chars always use a shield: true
     0 | D:1      | 0 ||| qw: God list: Okawaru
     0 | D:1      | 0 ||| qw: Allow faded altars: false
     0 | D:1      | 0 ||| qw: Do Orc after clearing Dungeon:15 true
     0 | D:1      | 0 ||| qw: Do second Lair branch before Depths: true
     0 | D:1      | 0 ||| qw: Lair rune preference: random
     0 | D:1      | 0 ||| qw: Goals: Normal
     0 | D:1      | 0 ||| PLANNING D:1-11
    31 | D:1      | Reached skill level 3 in Dodging
    64 | D:1      | Reached XP level 2. HP: 10/14 MP: 3/3
    98 | D:1      | Found Gisuip's Magic Scroll Shoppe.
   107 | D:1      | 107 ||| SHOPLISTING scroll of enchant armour (105 gold,
                  | have 0).
   107 | D:1      | 107 ||| SHOPLISTING scroll of teleportation (42 gold, have
                  | 0).
   210 | D:1      | Found a faded altar of an unknown god.
   299 | D:1      | Reached XP level 3. HP: 16/18 MP: 4/4
   464 | D:1      | 464 ||| READING scroll labelled PAYNLADAAM.
   464 | D:1      | 464 ||| ENCHANTING +0 shortbow.
   465 | D:1      | 465 ||| READING 2 scrolls labelled CEXZAJABYP.
   466 | D:1      | 466 ||| READING scroll labelled BAANAF CIASAMM.
   466 | D:1      | 466 ||| IDENTIFYING orange potion
   467 | D:1      | 467 ||| DROPPING scroll of butterflies.
   468 | D:1      | 468 ||| DROPPING scroll of immolation.
   469 | D:1      | 469 ||| DROPPING potion of degeneration.
   637 | D:2      | Noticed Jessica
   646 | D:2      | HP: 4/18 [Jessica/nerve-wracking pain (1)]
   649 | D:2      | HP: 1/18 [Jessica/+0 club (4)]
   652 | D:2      | Slain by Jessica

Levels and vault maps discovered:
D:1:      ebering_hopf_link, layout_rooms, serial_shops, shop_statue,
          dreamdust_ecumenical_altar_grove, minmay_close_crescents
D:2:      layout_basic, basic_altar, minmay_heptomino_d4, uniq_jessica

Skill      XL: |  1  2 |
---------------+-------+-----
Dodging        | 3 4 |  4.0
Fighting       | |  1.5
Ranged Weapons | |  4.6
Stealth        | |  1.5

Action                     || total
---------------------------++-------
   Fire: Shortbow          ||    87
    Use: Scroll            ||     3
 Armour: Robe              ||    15
  Dodge: Dodged            ||    29

Table legend:
 A = Non-vault XP
 B = Vault XP
 C = Vault XP percentage of total XP
 D = Non-vault monster count
 E = Vault monster count
 F = Vault count percentage of total count
                 A         B        C        D         E       F
            +---------+---------+-------+---------+---------+-------
      Total |      44 |      11 |  20.0 |      25 |       7 |  21.9
            +---------+---------+-------+---------+---------+-------
        D:1 |      37 |       4 |   9.8 |      21 |       3 |  12.5
        D:2 |       7 |       7 |  50.0 |       4 |       4 |  50.0
            +---------+---------+-------+---------+---------+-------
